AoeStats
← [GDL] Maldito Pantoja

MegaRandom

510000743Analyzed
4v4 RM · 3d ago on Sep 29, 2026· 31m 30s· 8 players
Game mode
Random Map
Map size
Large (8 player)
Population
200
Speed
Normal
Resources
Standard
Victory
Conquest
Starting age
Dark Age
Ending age
Imperial Age
RankedLock teamsTeams togetherTeam positionsShared explorationLock speedFull tech treeHidden civsTurbo modeCheats
Victory
Defeat
🇦🇷 Japanese · Argentina
1120
+17
🇵🇪 Sicilians · Peru
1116
+17
🇲🇽 Mongols · Mexico
1113
+18
🇺🇸 Maya · United States
1100
+18
🇨🇱 Vikings · Chile
1243
-21
🇨🇱 Armenians · Chile
1131
-17
🇨🇱 Saxons · Chile
1111
-16
🇨🇱 Khitans · Chile
1104
-16
[GDL] Maldito Pantoja
5:28 Loom
12:50 Feudal Age
18:35 Horse Collar
24:26 Castle Age
22:49 Scale Barding Armor
23:07 Double-Bit Axe
23:13 Gold Mining
24:14 Fletching
24:24 Padded Archer Armor
26:21 Bodkin Arrow
26:41 Leather Archer Armor
Apostate of Hate
4:15 Loom
15:04 Feudal Age
25:00 Fletching
27:15 Castle Age
25:16 Town Watch
25:27 Fletching
27:30 Padded Archer Armor
27:29 Elite Skirmisher
27:35 Pikeman
ReverbMate
5:11 Loom
16:02 Feudal Age
16:41 Double-Bit Axe
16:39 Horse Collar
20:48 Bloodlines
21:26 Forging
22:03 Fletching
25:23 Scale Mail Armor
26:10 Wheelbarrow
26:06 Scale Barding Armor
29:24 Castle Age
29:34 Town Watch
29:52 Gold Mining
29:55 Stone Mining
29:28 Light Cavalry
30:07 Bodkin Arrow
30:37 Husbandry
31:39 Iron Casting
32:07 Heavy Plow
32:19 Bow Saw
TheHuisman
3:28 Loom
14:23 Feudal Age
14:55 Town Watch
15:23 Man-at-Arms
15:48 Arson
18:16 Wheelbarrow
18:11 Scale Mail Armor
19:36 Forging
20:29 Double-Bit Axe
20:28 Horse Collar
21:27 Gold Mining
21:27 Stone Mining
26:16 Castle Age
24:53 Fletching
27:33 Long Swordsman
27:58 Gambesons
28:14 Squires
31:09 Fervor
[TVDT] Nameless
9:40 Loom
15:36 Feudal Age
21:56 Scale Mail Armor
22:06 Forging
Cobal
13:55 Feudal Age
18:38 Wheelbarrow
19:15 Forging
19:10 Scale Barding Armor
20:27 Double-Bit Axe
22:23 Scale Mail Armor
27:17 Castle Age
28:02 Husbandry
28:47 Light Cavalry
30:45 Iron Casting
venusnocturna
6:24 Loom
13:54 Feudal Age
20:13 Pikeman
31:31 Castle Age
AiM | yunito000
5:21 Loom
14:16 Feudal Age
18:48 Castle Age
17:32 Fletching
21:37 Double-Bit Axe
27:30 Padded Archer Armor
27:36 Horse Collar
Connection lost

Rejoining the realm…

Still unreachable

The connection could not be restored.

Session expired

The server has moved on; the page needs a fresh start.